 Dungeon Crawl Stone Soup version 0.31-a0-431-g88bdf31460 (webtiles) character file.

Game seed: 436514808379347406

58 bearb0nes the Slasher (level 4, 0/31 HPs)
             Began as an Octopode Berserker on July 31, 2023.
             Was a Believer of Trog.
             Succumbed to an adder's poison
             ... on level 2 of the Dungeon.
             The game lasted 00:04:59 (760 turns).

bearb0nes the Slasher (Octopode Berserker)           Turns: 760, Time: 00:04:59

Health: 0/31       AC:  1    Str: 18    XL:     4   Next: 2%
Magic:  4/4        EV: 13    Int:  9    God:    Trog [**....]
Gold:   15         SH:  0    Dex: 11    Spells: 3/3 levels left

rFire   . . .        a - +0 falchion
rCold   . . .        (no shield)
rNeg    . . .        (helmet restricted)
rPois   .            (no amulet)
rElec   .            i - ring of see invisible
rCorr   .            (no ring)
SInv    +            (no ring)
Will    .....        (no ring)
Stlth   +++          (no ring)
HPRegen 0.25/turn    (no ring)
MPRegen 0.09/turn    (no ring)
                     (no ring)

%: no passive effects
@: lethally poisoned (0 -> -3)
A: almost no armour, amphibious, 8 rings, camouflage 1, gelatinous body 1,
(nimble swimmer 1), tentacles
a: Renounce Religion, Berserk, Trog's Hand


You were on level 2 of the Dungeon.
You worshipped Trog.
Trog was pleased with you.
You visited 1 branch of the dungeon, and saw 2 of its levels.

You collected 15 gold pieces.

Inventory:

Hand Weapons
 a - a +0 falchion (weapon)
Armour
 c - a +0 ring mail
 f - a +0 robe
Jewellery
 i - a ring of see invisible (left tentacle)
Scrolls
 d - a scroll of enchant armour {unknown}
 g - a scroll of noise {unknown}
 h - a scroll of identify {unknown}
Potions
 b - a potion of magic {unknown}
 e - a potion of brilliance {unknown}


   Skills:
 + Level 3.4 Fighting
 + Level 3.7 Long Blades
 + Level 3.4 Dodging
 + Level 2.0 Stealth


You had 3 spell levels left.
You didn't know any spells.
Your spell library was empty.

Dungeon Overview and Level Annotations

Branches:
Dungeon (2/15)

Altars:


Innate Abilities, Weirdness & Mutations

You cannot wear most types of armour.
You are amphibious.
You can wear up to eight rings at the same time.
Your skin changes colour to match your surroundings (Stealth+).
Your rubbery body absorbs attacks. (AC +1, EV +1)
((You are camouflaged when in or above water. (Stealth+)))
You have tentacles for arms and can constrict up to eight enemies at once.


Message History

You closely miss the kobold. Your grab misses the kobold.
You squeeze the kobold.
You kill the kobold!
Trog accepts your kill. The bat barely misses you. The quokka bites you.
The quokka closely misses you.
You completely miss the quokka. Your grab misses the quokka.
The bat barely misses you. The adder barely misses you. The quokka bites you.
You hit the adder. Your grab misses the adder. You squeeze the adder!
The adder is almost dead.
The adder bites you. The quokka barely misses you. The endoplasm freezes you.
You are frozen.
The adder bites you.
You are poisoned.
The adder poisons you!
You hit the adder.
You kill the adder!
Trog accepts your kill.
* * * LOW HITPOINT WARNING * * *
You feel sick. The quokka closely misses you. The endoplasm freezes you.
You are frozen.
* * * LOW HITPOINT WARNING * * *
The quokka closely misses you.
Your Stealth skill increases to level 2!
You have reached level 4!
You barely miss the quokka. You grab the quokka. You tentacle-slap the quokka.
Your squeeze misses the quokka.
The quokka is severely wounded.
You constrict the quokka.
You kill the quokka!
Trog accepts your kill.
* * * LOW HITPOINT WARNING * * *
You feel sick. The bat hits you but does no damage.
The ball python barely misses you. The ball python closely misses you.
The endoplasm closely misses you. The ball python bites you.
* * * LOW HITPOINT WARNING * * *
The ball python closely misses you.
The giant cockroach attacks as you move away!
The giant cockroach closely misses you.
You die...

..# .... #..### #
##...#|#.#
##..##.##.#
##...#.#...# #
####..##.##..# #
#.....#.#...# #
#.####.##@.# # #
#.#(..#S$.## #. #
##.#)J.#BJ##
##.#####
#..#BK.#.bg#
#...#...
#..####K##...
#.#..## #......#
...# #......
#...#..#
##..#.###.###..##
##..##...#
...........#.##
#...# ..##
#..#####.##.##


You could see an endoplasm, a giant cockroach, a bat, a ball python and a
kobold.

Vanquished Creatures
  3 adders (D:2)
  A dart slug (D:1)
  2 ball pythons (D:1)
  4 endoplasms (D:1)
  4 goblins
  3 hobgoblins
  3 quokkas
  3 bats
  A frilled lizard (D:1)
  3 kobolds
  A rat (D:1)
28 creatures vanquished.

Notes
Turn   | Place    | Note
-------+----------+-------------------------------------------
     0 | D:1      | bearb0nes the Octopode Berserker began the quest for the
                  | Orb.
     0 | D:1      | Reached XP level 1. HP: 16/16 MP: 1/1
   239 | D:1      | Reached XP level 2. HP: 21/21 MP: 2/2
   507 | D:1      | Reached skill level 1 in Stealth
   507 | D:1      | Reached XP level 3. HP: 26/26 MP: 3/3
   686 | D:2      | Reached ** piety under Trog
   759 | D:2      | Reached XP level 4. HP: 5/31 MP: 4/4
   759 | D:2      | HP: 1/31 [ball python (2)]
   760 | D:2      | Succumbed to an adder's poison

Illustrated notes

Levels and vault maps discovered:
D:1:      matt_arrival_refuge, layout_basic
D:2:      layout_loops_cross, minmay_vboxes

Skill      XL: |  1  2  3 |
---------------+----------+-----
Stealth        | 1 2 |  2.0
Fighting       | |  3.4
Long Blades    | |  3.7
Dodging        | |  3.4

Action                     |  1- 3 |  4- 6 || total
---------------------------+-------+-------++-------
  Melee: Falchion          |    50 |     1 ||    51
         Tentacles         |     9 |       ||     9
         Constrict         |     7 |     1 ||     8
         Punch             |       |     1 ||     1
   Stab: Sleeping          |     8 |       ||     8
 Armour: Skin              |     6 |     1 ||     7
  Dodge: Dodged            |    34 |     5 ||    39

Table legend: (Time is in decaauts)
 A = Elapsed time spent in this place.
 B = Non-inter-level travel time spent in this place.
 C = Inter-level travel time spent in this place.
 D = Time resting spent in this place.
 E = Time spent auto-exploring this place.
 F = Levels seen in this place.
 G = Mean time per level.
                   A        B        C        D        E       F      G
               +--------+--------+--------+--------+--------+-----+--------+
         Total |    765 |    190 |    575 |      0 |      0 |   2 |  382.5 |
       Dungeon |    765 |    190 |    575 |      0 |      0 |   2 |  382.5 |
               +--------+--------+--------+--------+--------+-----+--------+

Top non-repeatable levels by time:
     D:1: 547 daAuts
     D:2: 218 daAuts
